Bruins vs Blue Jackets

Created - March 10, 2020 at 20:57

Goals
1 2 3 T
Bruins 0 2 1 3
Blue Jackets 0 3 2 5
Shots
1 2 3 T
Bruins 15 8 7 30
Blue Jackets 7 13 14 34

1st period

No Goal

Penalties :
Dalton Prout (Clb) for Roughing (Minor) at 6:50, Mike Comrie (Clb) for Interference (Minor) at 10:27

2nd period

1. Blue Jackets , Derek Boogaard 20 (Martin Havlat 22, Rob Scuderi 14) at 0:50 (PP)
2. Blue Jackets , Mike Comrie 8 (Martin Havlat 23) at 10:53
3. Blue Jackets , Mike Lundin 4 (Mike Comrie 15, Rick DiPietro) at 11:23 (PP)
4. Bruins , Jonathan Toews 28 (Zack Kassian 25, Scott Hartnell 27) at 13:46
5. Bruins , Dave Bolland 13 (Jason Demers 31) at 19:15

Penalties :
Victor Oreskovich (Bos) for Holding Stick (Minor) at 0:29, Jason Demers (Bos) for Holding (Minor) at 6:21, Brendan Smith (Bos) for Holding (Minor) at 11:00, Adam Pelech (Bos) for Roughing (Minor) at 15:24

3rd period

6. Bruins , Wojtek Wolski 29 (Zack Kassian 26, Jonathan Toews 33) at 2:21 (PP)
7. Blue Jackets , Derek Boogaard 21 (Martin Havlat 24, Mike Lundin 33) at 2:34
8. Blue Jackets , Derek Boogaard 22 (Mike Lundin 34, Mike Comrie 16) at 14:46 (PP)

Penalties :
Branislav Mezei (Clb) for Unsportsmanlike conduct (Minor) at 2:18, Kris Chucko (Bos) for Tripping (Minor) at 8:24, Mike Ribeiro (Bos) for High sticking (Minor) at 13:58, Derek Boogaard (Clb) for Holding (Minor) at 17:17, Casey Cizikas (Bos) for Hooking (Minor) at 19:32

Goalie Stats

Kevin Poulin (Bos), 29 saves from 34 shots - (0.853), L, 24-17-4, 60:00 minutes
Rick DiPietro (Clb), 27 saves from 30 shots - (0.900), W, 25-14-9, 60:00 minutes

Players Stats for Bruins

Player Name              G  A  P  +/- PIM S  H  SB GA TA FO     MP     PP MP  PK MP  
------------------------------------------------------------------------------------
Adam Pelech              0  0  0   0  2   0  0  0  0  0  0/0    12:04   0:00   0:52 
Brendan Smith            0  0  0   1  2   1  6  3  2  0  0/0    28:17   3:38   5:18 
Casey Cizikas            0  0  0   0  2   2  2  1  0  1  1/1     7:47   0:00   0:00 
Dave Bolland             1  0  1   1  0   2  1  0  1  0  6/8    12:34   0:00   2:16 
Jason Demers             0  1  1   1  2   0  1  5  0  0  0/0    25:24   2:22   4:13 
Johnny Boychuk           0  0  0  -1  0   0  1  1  0  0  0/0    20:07   2:22   2:15 
Jonathan Toews           1  1  2  -1  0   3  0  1  0  0  23/42  23:27   3:39   4:47 
Kevin Bieksa             0  0  0   0  0   5  1  0  0  0  0/0    15:11   3:38   0:00 
Kris Chucko              0  0  0   0  2   0  1  0  0  0  0/0     7:56   0:00   0:17 
Mattias Tedenby          0  0  0   0  0   1  0  1  1  0  0/0     7:38   0:00   0:00 
Mike Ribeiro             0  0  0   0  2   3  1  0  0  0  1/10   15:27   2:21   0:00 
Rene Bourque             0  0  0   1  0   1  1  0  0  0  0/0    11:20   0:00   1:03 
Scott Hartnell           0  1  1   0  0   3  2  0  0  1  0/0    15:50   2:21   0:22 
Shane O'Brien            0  0  0  -1  0   0  2  0  1  0  0/0    18:55   0:00   3:14 
T.J Galiardi             0  0  0   1  0   1  0  0  0  0  0/0    10:07   0:00   0:00 
Victor Oreskovich        0  0  0   0  2   2  1  0  1  0  0/0    15:27   2:21   0:00 
Wojtek Wolski            1  0  1  -1  0   2  3  0  0  0  1/3    20:55   3:39   2:16 
Zack Kassian             0  2  2  -1  0   4  1  1  1  0  0/1    23:31   3:39   4:51 

Players Stats for Blue Jackets

Player Name              G  A  P  +/- PIM S  H  SB GA TA FO     MP     PP MP  PK MP  
------------------------------------------------------------------------------------
A.J Thelen               0  0  0  -1  0   0  1  0  0  0  0/0     9:13   0:00   0:00 
Andreas Nodl             0  0  0  -1  0   2  1  0  0  0  1/1    13:35   0:00   0:00 
Anthony Bitetto          0  0  0  -1  0   0  0  0  0  0  0/0     4:19   0:00   0:00 
Artemi Panarin           0  0  0  -1  0   0  1  0  0  0  0/0    21:19   2:43   3:39 
Branislav Mezei          0  0  0   0  2   0  0  0  0  3  0/0    19:07   3:07   1:47 
Cam Fowler               0  0  0   0  0   1  1  0  0  1  0/0    19:08   3:07   1:47 
Cody Eakin               0  0  0  -1  0   0  2  0  0  0  5/6    14:33   0:00   0:53 
Dalton Prout             0  0  0  -1  2   0  0  0  0  0  0/0     9:20   0:00   0:00 
Derek Boogaard           3  0  3   2  2   5  1  0  0  0  2/7    25:16   5:13   2:04 
Eric Wellwood            0  0  0   0  0   0  1  0  0  0  2/4     6:37   0:00   2:12 
Martin Havlat            0  3  3   2  0   6  1  0  0  0  1/2    23:15   5:13   1:09 
Max Pacioretty           0  0  0  -1  0   6  1  0  1  0  0/0    14:58   0:00   1:37 
Mike Comrie              1  2  3   2  2   4  3  1  0  1  14/35  22:01   5:13   0:26 
Mike Lundin              1  2  3   2  0   2  2  1  0  1  0/0    27:20   4:49   4:13 
Peter Mueller            0  0  0  -1  0   1  1  2  0  0  8/10   16:08   2:43   0:00 
Rob Scuderi              0  1  1   2  0   2  2  2  0  1  0/0    27:20   4:49   4:13 
Ryan Wilson              0  0  0  -1  0   0  0  0  0  0  0/0     4:19   0:00   0:00 
Tyler Kennedy            0  0  0  -1  0   5  1  0  1  0  0/0    16:08   2:43   0:00 

3 Stars

1 - Derek Boogaard (Clb)
2 - Mike Lundin (Clb)
3 - Mike Comrie (Clb)

Power Play

Bruins - 1 on 4 Attempt(s) - 25.00%
Blue Jackets - 3 on 7 Attempt(s) - 42.86%

Penalty Kill

Bruins - 4 on 7 Attempt(s) - 57.14% - Score 0 goal in Penalty Kill
Blue Jackets - 3 on 4 Attempt(s) - 75.00% - Score 0 goal in Penalty Kill

Team Stat

Bruins - Hits : 24 - Faceoff Wins : 32 - Blocked Shots : 13 - Penalty Minutes : 14
Blue Jackets - Hits : 19 - Faceoff Wins : 33 - Blocked Shots : 6 - Penalty Minutes : 8

Official

Referees : Unknown
Linesman : Unknown

Game Notes

Derek Boogaard has scored a Hat Trick!

Finance

Level 1 -- Attendance: 4654 (77.57%) -- Ticket Income $535,210
Level 2 -- Attendance: 3983 (79.66%) -- Ticket Income $298,725
Level 3 -- Attendance: 1642 (82.10%) -- Ticket Income $73,890
Level 4 -- Attendance: 3457 (86.43%) -- Ticket Income $103,710
Luxury Box -- Attendance: 775 (77.50%) -- Ticket Income $166,625
Game was played at the Ohio State Arena.
Total Attendance: 14511 (80.62%)
Total Ticket Income: $1,178,160
Other Income: $176,724
Total Income: $1,354,884

Bruins

5 vs 5 Forward 
   Center                   Left Wing                Right Wing               Time % Phy DF OF 
 1 Jonathan Toews           Wojtek Wolski            Zack Kassian             40     0   2  3  
 2 Mike Ribeiro             Scott Hartnell           Victor Oreskovich        30     0   2  3  
 3 Dave Bolland             T.J Galiardi             Rene Bourque             20     1   2  2  
 4 Casey Cizikas            Kris Chucko              Mattias Tedenby          10     1   2  2  

5 vs 5 Defense 
   Defense                  Defense                                           Time % Phy DF OF 
 1 Jason Demers             Brendan Smith                                     40     1   2  2  
 2 Shane O'Brien            Johnny Boychuk                                    30     1   2  2  
 3 Adam Pelech              Kevin Bieksa                                      20     1   2  2  
 4 Jason Demers             Brendan Smith                                     10     1   2  2  

PowerPlay Forward 
   Center                   Left Wing                Right Wing               Time % Phy DF OF 
 1 Jonathan Toews           Wojtek Wolski            Zack Kassian             60     0   2  3  
 2 Mike Ribeiro             Scott Hartnell           Victor Oreskovich        40     0   2  3  

PowerPlay Defense
   Defense                  Defense                                           Time % Phy DF OF 
 1 Kevin Bieksa             Brendan Smith                                     60     0   2  3  
 2 Jason Demers             Johnny Boychuk                                    40     0   2  3  

Penalty Kill 4 Players Forward 
   Center                   Wing                     Time % Phy DF OF 
 1 Jonathan Toews           Zack Kassian             60     0   2  2  
 2 Dave Bolland             Wojtek Wolski            40     0   3  2  

Penalty Kill 4 Players Defense
   Defense                  Defense                  Time % Phy DF OF 
 1 Jason Demers             Brendan Smith            60     1   3  1  
 2 Shane O'Brien            Johnny Boychuk           40     1   3  1  

Penalty Kill - 3 Players Forward 
   Forward                                           Time % Phy DF OF 
 1 Zack Kassian                                      60     0   4  1  
 2 Wojtek Wolski                                     40     0   4  1  

Penalty Kill - 3 Players Defense
   Defense                  Defense                  Time % Phy DF OF 
 1 Jason Demers             Brendan Smith            60     0   5  0  
 2 Shane O'Brien            Johnny Boychuk           40     0   5  0  

4 vs 4 Forward 
   Center                   Wing                     Time % Phy DF OF 
 1 Jonathan Toews           Wojtek Wolski            60     1   2  2  
 2 Zack Kassian             Victor Oreskovich        40     1   2  2  

4 vs 4 Defense
   Defense                  Defense                  Time % Phy DF OF 
 1 Jason Demers             Brendan Smith            60     1   2  2  
 2 Shane O'Brien            Johnny Boychuk           40     1   2  2  

Last Minutes Offensive
   Center                   Left Wing                Right Wing               Defense                  Defense                  
   Jonathan Toews           Wojtek Wolski            Zack Kassian             Jason Demers             Brendan Smith            

Last Minutes Defensive
   Center                   Left Wing                Right Wing               Defense                  Defense                  
   Jonathan Toews           Wojtek Wolski            Zack Kassian             Jason Demers             Brendan Smith            

Goaltenders
Starting : Kevin Poulin             
Backup : Josh Tordjman            

Extra Forwards
Normal : Casey Cizikas, Dave Bolland, Rene Bourque - PP : Casey Cizikas, Dave Bolland - PK : Rene Bourque
Extra Defensemen
Normal : Johnny Boychuk, Jason Demers, Brendan Smith - PP : Johnny Boychuk - PK : Jason Demers, Shane O'Brien
Penalty Shots
Wojtek Wolski, Jonathan Toews, Mattias Tedenby, Mike Ribeiro, Zack Kassian

Scratches
None

Blue Jackets

5 vs 5 Forward 
   Center                   Left Wing                Right Wing               Time % Phy DF OF 
 1 Mike Comrie              Derek Boogaard           Martin Havlat            40     1   2  2  
 2 Peter Mueller            Artemi Panarin           Tyler Kennedy            30     1   2  2  
 3 Cody Eakin               Max Pacioretty           Andreas Nodl             20     1   2  2  
 4 Derek Boogaard           Eric Wellwood            Artemi Panarin           10     1   2  2  

5 vs 5 Defense 
   Defense                  Defense                                           Time % Phy DF OF 
 1 Mike Lundin              Rob Scuderi                                       40     1   2  2  
 2 Cam Fowler               Branislav Mezei                                   30     1   2  2  
 3 Dalton Prout             A.J Thelen                                        20     1   2  2  
 4 Anthony Bitetto          Ryan Wilson                                       10     1   2  2  

PowerPlay Forward 
   Center                   Left Wing                Right Wing               Time % Phy DF OF 
 1 Mike Comrie              Derek Boogaard           Martin Havlat            60     1   2  2  
 2 Peter Mueller            Artemi Panarin           Tyler Kennedy            40     1   2  2  

PowerPlay Defense
   Defense                  Defense                                           Time % Phy DF OF 
 1 Mike Lundin              Rob Scuderi                                       60     1   2  2  
 2 Cam Fowler               Branislav Mezei                                   40     1   2  2  

Penalty Kill 4 Players Forward 
   Center                   Wing                     Time % Phy DF OF 
 1 Derek Boogaard           Artemi Panarin           60     1   2  2  
 2 Martin Havlat            Max Pacioretty           40     1   2  2  

Penalty Kill 4 Players Defense
   Defense                  Defense                  Time % Phy DF OF 
 1 Mike Lundin              Rob Scuderi              60     1   2  2  
 2 Cam Fowler               Branislav Mezei          40     1   2  2  

Penalty Kill - 3 Players Forward 
   Forward                                           Time % Phy DF OF 
 1 Derek Boogaard                                    60     1   2  2  
 2 Artemi Panarin                                    40     1   2  2  

Penalty Kill - 3 Players Defense
   Defense                  Defense                  Time % Phy DF OF 
 1 Mike Lundin              Rob Scuderi              60     1   2  2  
 2 Cam Fowler               Branislav Mezei          40     1   2  2  

4 vs 4 Forward 
   Center                   Wing                     Time % Phy DF OF 
 1 Derek Boogaard           Artemi Panarin           60     1   2  2  
 2 Martin Havlat            Max Pacioretty           40     1   2  2  

4 vs 4 Defense
   Defense                  Defense                  Time % Phy DF OF 
 1 Mike Lundin              Rob Scuderi              60     1   2  2  
 2 Cam Fowler               Branislav Mezei          40     1   2  2  

Last Minutes Offensive
   Center                   Left Wing                Right Wing               Defense                  Defense                  
   Mike Comrie              Derek Boogaard           Martin Havlat            Mike Lundin              Rob Scuderi              

Last Minutes Defensive
   Center                   Left Wing                Right Wing               Defense                  Defense                  
   Mike Comrie              Derek Boogaard           Martin Havlat            Mike Lundin              Rob Scuderi              

Goaltenders
Starting : Rick DiPietro            
Backup : Andrei Vasilevskiy       

Extra Forwards
Normal : Andreas Nodl, Cody Eakin, Eric Wellwood - PP : Andreas Nodl, Cody Eakin - PK : Eric Wellwood
Extra Defensemen
Normal : Dalton Prout, A.J Thelen, Anthony Bitetto - PP : Dalton Prout - PK : A.J Thelen, Anthony Bitetto
Penalty Shots
Derek Boogaard, Artemi Panarin, Martin Havlat, Max Pacioretty, Mike Comrie

Scratches
Devin Setoguchi (Left Ankle Injury), Pavel Datsyuk (Torn Left Knee Ligaments Injury)

% Time on Ice - Bruins

Lines # - Real PCT - Wanted PCT - Time Play
Normal Forward
1 - 33% - 40% - 15:11
2 - 29% - 30% - 13:08
3 - 22% - 20% - 10:07
4 - 17% - 10% - 7:38
Normal Defense
1 - 39% - 40% - 17:57
2 - 34% - 30% - 15:51
3 - 24% - 20% - 11:12
4 - 2% - 10% - 1:04
PP Forward
1 - 61% - 60% - 3:39
2 - 39% - 40% - 2:21
PP Defense
1 - 61% - 60% - 3:38
2 - 39% - 40% - 2:22
PK Forward
1 - 71% - 60% - 5:40
2 - 29% - 40% - 2:16
PK Defense
1 - 78% - 60% - 6:12
2 - 22% - 40% - 1:44
PK3 Forward
1 - 0% - 60%
2 - 0% - 40%
PK3 Defense
1 - 0% - 60%
2 - 0% - 40%
44 Forward
1 - 0% - 60%
2 - 0% - 40%
44 Defense
1 - 0% - 60%
2 - 0% - 40%
Last Minute Offensive  - 0:00
Last Minute Defensive  - 0:00
Total
Forward - 60:00
Defense - 60:00

% Time on Ice - Blue Jackets

Lines # - Real PCT - Wanted PCT - Time Play
Normal Forward
1 - 36% - 40% - 16:23
2 - 29% - 30% - 13:33
3 - 28% - 20% - 13:06
4 - 7% - 10% - 3:02
Normal Defense
1 - 40% - 40% - 18:18
2 - 31% - 30% - 14:14
3 - 20% - 20% - 9:13
4 - 9% - 10% - 4:19
PP Forward
1 - 66% - 60% - 5:13
2 - 34% - 40% - 2:43
PP Defense
1 - 61% - 60% - 4:49
2 - 39% - 40% - 3:07
PK Forward
1 - 81% - 60% - 4:51
2 - 19% - 40% - 1:09
PK Defense
1 - 70% - 60% - 4:13
2 - 30% - 40% - 1:47
PK3 Forward
1 - 0% - 60%
2 - 0% - 40%
PK3 Defense
1 - 0% - 60%
2 - 0% - 40%
44 Forward
1 - 0% - 60%
2 - 0% - 40%
44 Defense
1 - 0% - 60%
2 - 0% - 40%
Last Minute Offensive  - 0:00
Last Minute Defensive  - 0:00
Total
Forward - 60:00
Defense - 60:00

Play-by-Play

1st period


0:01 of 1st period - Jonathan Toews wins face-off versus Mike Comrie in neutral zone.
0:15 of 1st period - Off-side.
0:16 of 1st period - Peter Mueller wins face-off versus Mike Ribeiro in neutral zone.
0:19 of 1st period - Johnny Boychuk is hit by Cam Fowler and loses puck.
1:07 of 1st period - Jonathan Toews is hit by Derek Boogaard.
1:11 of 1st period - A.J Thelen is hit by Shane O'Brien.
3:20 of 1st period - Snap shot by Scott Hartnell.
3:20 of 1st period - Deflect By Victor Oreskovich.
3:20 of 1st period - Stopped by Rick DiPietro without a rebound.
3:21 of 1st period - Jonathan Toews wins face-off versus Cody Eakin in Blue Jackets zone.
3:22 of 1st period - Slapshot by Wojtek Wolski.
3:22 of 1st period - Stopped by Rick DiPietro without a rebound.
3:23 of 1st period - Cody Eakin wins face-off versus Jonathan Toews in Blue Jackets zone.
3:58 of 1st period - Snap shot by Mike Comrie.
3:58 of 1st period - Shot Blocked by Jason Demers.
4:22 of 1st period - Wrist shot by Casey Cizikas.
4:22 of 1st period - Shot Misses the Net.
4:24 of 1st period - Snap shot by Casey Cizikas.
4:24 of 1st period - Stopped by Rick DiPietro without a rebound.
4:25 of 1st period - Mike Comrie wins face-off versus Jonathan Toews in Blue Jackets zone.
4:25 of 1st period - Mike Comrie is hit by Johnny Boychuk.
4:35 of 1st period - Snap shot by Derek Boogaard.
4:35 of 1st period - Shot Blocked by Johnny Boychuk.
4:51 of 1st period - Artemi Panarin is hit by Scott Hartnell and loses puck.
5:54 of 1st period - Snap shot by Wojtek Wolski.
5:54 of 1st period - Shot Misses the Net.
6:12 of 1st period - Dalton Prout is hit by Brendan Smith and loses puck.
6:17 of 1st period - Wrist shot by Scott Hartnell.
6:17 of 1st period - Stopped by Rick DiPietro with a rebound.
6:19 of 1st period - Backhand shot by Mike Ribeiro.
6:19 of 1st period - Stopped by Rick DiPietro with a rebound.
6:35 of 1st period - Snap shot by Artemi Panarin.
6:35 of 1st period - Shot Blocked by Casey Cizikas.
6:41 of 1st period - Derek Boogaard is hit by Kevin Bieksa and loses puck.
6:50 of 1st period - Minor Penalty to Dalton Prout for Roughing.
6:51 of 1st period - Jonathan Toews wins face-off versus Derek Boogaard in Blue Jackets zone.
7:02 of 1st period - Slapshot by Zack Kassian.
7:02 of 1st period - Stopped by Rick DiPietro with a rebound.
7:04 of 1st period - Snap shot by Jonathan Toews.
7:04 of 1st period - Stopped by Rick DiPietro with a rebound.
7:06 of 1st period - Slapshot by Kevin Bieksa.
7:06 of 1st period - Stopped by Rick DiPietro without a rebound.
7:07 of 1st period - Jonathan Toews wins face-off versus Derek Boogaard in Blue Jackets zone.
7:16 of 1st period - Snap shot by Wojtek Wolski.
7:16 of 1st period - Shot Blocked by Rob Scuderi.
7:18 of 1st period - Wrist shot by Jonathan Toews.
7:18 of 1st period - Shot Misses the Net.
7:20 of 1st period - Snap shot by Kevin Bieksa.
7:20 of 1st period - Stopped by Rick DiPietro with a rebound.
7:22 of 1st period - Slapshot by Brendan Smith.
7:22 of 1st period - Shot Blocked by Rob Scuderi.
8:50 of 1st period - Penalty to Dalton Prout is over, Dalton Prout is back on ice.
9:05 of 1st period - Snap shot by Max Pacioretty.
9:05 of 1st period - Shot Misses the Net.
9:17 of 1st period - A.J Thelen is hit by Casey Cizikas and loses puck.
9:24 of 1st period - Wrist shot by Mattias Tedenby.
9:24 of 1st period - Shot Blocked by Peter Mueller.
9:26 of 1st period - Snap shot by Kevin Bieksa.
9:26 of 1st period - Stopped by Rick DiPietro without a rebound.
9:27 of 1st period - Dave Bolland wins face-off versus Mike Comrie in Blue Jackets zone.
9:40 of 1st period - Wrist shot by Derek Boogaard.
9:40 of 1st period - Stopped by Kevin Poulin without a rebound.
9:41 of 1st period - Andreas Nodl wins face-off versus Jonathan Toews in Bruins zone.
9:42 of 1st period - Slapshot by Max Pacioretty.
9:42 of 1st period - Deflect By Brendan Smith.
9:42 of 1st period - Shot Misses the Net.
9:42 of 1st period - Puck is out of play.
9:43 of 1st period - Cody Eakin wins face-off versus Jonathan Toews in Bruins zone.
9:52 of 1st period - Snap shot by Max Pacioretty.
9:52 of 1st period - Stopped by Kevin Poulin without a rebound.
9:53 of 1st period - Mike Comrie wins face-off versus Jonathan Toews in Bruins zone.
10:00 of 1st period - Snap shot by Derek Boogaard.
10:00 of 1st period - Shot Blocked by Brendan Smith.
10:04 of 1st period - Snap shot by Mike Comrie.
10:04 of 1st period - Stopped by Kevin Poulin without a rebound.
10:05 of 1st period - Jonathan Toews wins face-off versus Mike Comrie in Bruins zone.
10:05 of 1st period - Jonathan Toews is hit by Martin Havlat.
10:27 of 1st period - Minor Penalty to Mike Comrie for Interference.
10:28 of 1st period - Derek Boogaard wins face-off versus Jonathan Toews in Blue Jackets zone.
10:28 of 1st period - Derek Boogaard is hit by Brendan Smith.
10:42 of 1st period - Snap shot by Jonathan Toews.
10:42 of 1st period - Deflect By Artemi Panarin.
10:42 of 1st period - Stopped by Rick DiPietro with a rebound.
10:44 of 1st period - Slapshot by Kevin Bieksa.
10:44 of 1st period - Shot Misses the Net.
11:46 of 1st period - Jonathan Toews is hit by Max Pacioretty and loses puck.
12:02 of 1st period - Zack Kassian is hit by Mike Lundin and loses puck.
12:15 of 1st period - Victor Oreskovich is hit by Rob Scuderi and loses puck.
12:27 of 1st period - Penalty to Mike Comrie is over, Mike Comrie is back on ice.
12:58 of 1st period - Dalton Prout is hit by Shane O'Brien and loses puck.
13:54 of 1st period - Jonathan Toews is hit by Artemi Panarin.
15:53 of 1st period - Icing by Peter Mueller.
15:54 of 1st period - Casey Cizikas wins face-off versus Peter Mueller in Blue Jackets zone.
15:55 of 1st period - Wrist shot by Mattias Tedenby.
15:55 of 1st period - Shot Misses the Net.
16:11 of 1st period - Anthony Bitetto is hit by Zack Kassian and loses puck.
16:35 of 1st period - Wrist shot by Victor Oreskovich.
16:35 of 1st period - Shot Misses the Net.
16:37 of 1st period - Wrist shot by Scott Hartnell.
16:37 of 1st period - Stopped by Rick DiPietro with a rebound.
16:39 of 1st period - Slapshot by Kevin Bieksa.
16:39 of 1st period - Stopped by Rick DiPietro without a rebound.
16:40 of 1st period - Jonathan Toews wins face-off versus Peter Mueller in Blue Jackets zone.
16:55 of 1st period - Rob Scuderi is hit by Wojtek Wolski and loses puck.
17:08 of 1st period - Snap shot by Max Pacioretty.
17:08 of 1st period - Stopped by Kevin Poulin with a rebound.
18:12 of 1st period - Snap shot by Max Pacioretty.
18:12 of 1st period - Shot Blocked by Mattias Tedenby.
18:14 of 1st period - Wrist shot by Max Pacioretty.
18:14 of 1st period - Shot Blocked by Brendan Smith.
18:16 of 1st period - Slapshot by Cam Fowler.
18:16 of 1st period - Stopped by Kevin Poulin without a rebound.
18:17 of 1st period - Cody Eakin wins face-off versus Mike Ribeiro in Bruins zone.
18:20 of 1st period - Slapshot by Andreas Nodl.
18:20 of 1st period - Stopped by Kevin Poulin with a rebound.
18:28 of 1st period - Snap shot by Max Pacioretty.
18:28 of 1st period - Stopped by Kevin Poulin without a rebound.
18:29 of 1st period - Jonathan Toews wins face-off versus Mike Comrie in Bruins zone.
18:36 of 1st period - Derek Boogaard is hit by Brendan Smith and loses puck.
18:55 of 1st period - Mike Lundin is hit by Victor Oreskovich and loses puck.
19:02 of 1st period - Wrist shot by Victor Oreskovich.
19:02 of 1st period - Shot Misses the Net.
19:04 of 1st period - Snap shot by Shane O'Brien.
19:04 of 1st period - Deflect By Mike Ribeiro.
19:04 of 1st period - Shot Misses the Net.
19:04 of 1st period - Puck is out of play.
19:05 of 1st period - Mike Ribeiro wins face-off versus Mike Comrie in Blue Jackets zone.
19:06 of 1st period - Wrist shot by Victor Oreskovich.
19:06 of 1st period - Shot Misses the Net.
19:08 of 1st period - Wrist shot by Mike Ribeiro.
19:08 of 1st period - Stopped by Rick DiPietro with a rebound.
19:10 of 1st period - Snap shot by Scott Hartnell.
19:10 of 1st period - Shot Misses the Net.
19:20 of 1st period - Wrist shot by Victor Oreskovich.
19:20 of 1st period - Stopped by Rick DiPietro with a rebound.
Goals for this period are 0 for Bruins vs 0 for Blue Jackets.
Shots for this period are 15 for Bruins vs 7 for Blue Jackets.

2nd period


0:01 of 2nd period - Mike Comrie wins face-off versus Jonathan Toews in neutral zone.
0:16 of 2nd period - Snap shot by Wojtek Wolski.
0:16 of 2nd period - Shot Misses the Net.
0:29 of 2nd period - Minor Penalty to Victor Oreskovich for Holding Stick.
0:30 of 2nd period - Mike Comrie wins face-off versus Jonathan Toews in Bruins zone.
0:32 of 2nd period - Snap shot by Mike Comrie.
0:32 of 2nd period - Shot Misses the Net.
0:34 of 2nd period - Wrist shot by Derek Boogaard.
0:34 of 2nd period - Stopped by Kevin Poulin without a rebound.
0:35 of 2nd period - Jonathan Toews wins face-off versus Mike Comrie in Bruins zone.
0:40 of 2nd period - Snap shot by Derek Boogaard.
0:40 of 2nd period - Shot Misses the Net.
0:48 of 2nd period - Slapshot by Martin Havlat.
0:48 of 2nd period - Shot Blocked by Jason Demers.
0:50 of 2nd period - Snap shot by Derek Boogaard.
0:50 of 2nd period - Goal by Derek Boogaard - Bruins : 0 - Blue Jackets : 1.
0:51 of 2nd period - Jonathan Toews wins face-off versus Mike Comrie in neutral zone.
0:59 of 2nd period - Off-side.
1:00 of 2nd period - Jonathan Toews wins face-off versus Mike Comrie in neutral zone.
1:22 of 2nd period - Slapshot by Martin Havlat.
1:22 of 2nd period - Stopped by Kevin Poulin with a rebound.
1:24 of 2nd period - Snap shot by Mike Comrie.
1:24 of 2nd period - Stopped by Kevin Poulin with a rebound.
1:26 of 2nd period - Snap shot by Mike Lundin.
1:26 of 2nd period - Stopped by Kevin Poulin with a rebound.
1:28 of 2nd period - Snap shot by Martin Havlat.
1:28 of 2nd period - Shot Blocked by Zack Kassian.
1:30 of 2nd period - Backhand shot by Rob Scuderi.
1:30 of 2nd period - Stopped by Kevin Poulin with a rebound.
1:32 of 2nd period - Snap shot by Derek Boogaard.
1:32 of 2nd period - Deflect By Martin Havlat.
1:32 of 2nd period - Shot Blocked by Jonathan Toews.
1:32 of 2nd period - Puck is out of play.
1:33 of 2nd period - Peter Mueller wins face-off versus Mike Ribeiro in Bruins zone.
1:59 of 2nd period - Johnny Boychuk is hit by A.J Thelen and loses puck.
2:22 of 2nd period - Jonathan Toews is hit by Rob Scuderi and loses puck.
3:32 of 2nd period - Slapshot by Brendan Smith.
3:32 of 2nd period - Stopped by Rick DiPietro without a rebound.
3:33 of 2nd period - Mike Comrie wins face-off versus Jonathan Toews in Blue Jackets zone.
4:20 of 2nd period - Cody Eakin is hit by Kris Chucko and loses puck.
4:25 of 2nd period - Snap shot by Mattias Tedenby.
4:25 of 2nd period - Stopped by Rick DiPietro with a rebound.
4:31 of 2nd period - Snap shot by Cody Eakin.
4:31 of 2nd period - Shot Misses the Net.
4:43 of 2nd period - Derek Boogaard is hit by Rene Bourque and loses puck.
4:58 of 2nd period - Snap shot by T.J Galiardi.
4:58 of 2nd period - Shot Blocked by Peter Mueller.
5:34 of 2nd period - Wrist shot by Casey Cizikas.
5:34 of 2nd period - Stopped by Rick DiPietro with a rebound.
5:36 of 2nd period - Snap shot by Casey Cizikas.
5:36 of 2nd period - Shot Misses the Net.
6:01 of 2nd period - Icing by Brendan Smith.
6:02 of 2nd period - Jonathan Toews wins face-off versus Mike Comrie in Bruins zone.
6:07 of 2nd period - Slapshot by Scott Hartnell.
6:07 of 2nd period - Shot Misses the Net.
6:21 of 2nd period - Minor Penalty to Jason Demers for Holding.
6:22 of 2nd period - Jonathan Toews wins face-off versus Martin Havlat in Bruins zone.
6:56 of 2nd period - Snap shot by Tyler Kennedy.
6:56 of 2nd period - Stopped by Kevin Poulin with a rebound.
6:58 of 2nd period - Backhand shot by Mike Lundin.
6:58 of 2nd period - Deflect By Peter Mueller.
6:58 of 2nd period - Shot Misses the Net.
6:58 of 2nd period - Puck is out of play.
6:59 of 2nd period - Jonathan Toews wins face-off versus Mike Comrie in Bruins zone.
8:21 of 2nd period - Penalty to Jason Demers is over, Jason Demers is back on ice.
8:30 of 2nd period - Snap shot by Scott Hartnell.
8:30 of 2nd period - Shot Misses the Net.
8:32 of 2nd period - Wrist shot by Mike Ribeiro.
8:32 of 2nd period - Stopped by Rick DiPietro without a rebound.
8:33 of 2nd period - Cody Eakin wins face-off versus Mike Ribeiro in Blue Jackets zone.
9:01 of 2nd period - Snap shot by Max Pacioretty.
9:01 of 2nd period - Stopped by Kevin Poulin with a rebound.
9:03 of 2nd period - Wrist shot by Max Pacioretty.
9:03 of 2nd period - Stopped by Kevin Poulin without a rebound.
9:04 of 2nd period - Jonathan Toews wins face-off versus Mike Comrie in Bruins zone.
9:21 of 2nd period - Snap shot by Zack Kassian.
9:21 of 2nd period - Stopped by Rick DiPietro without a rebound.
9:22 of 2nd period - Peter Mueller wins face-off versus Mike Ribeiro in Blue Jackets zone.
10:09 of 2nd period - Off-side.
10:10 of 2nd period - Cody Eakin wins face-off versus Dave Bolland in neutral zone.
10:25 of 2nd period - Dave Bolland is hit by Andreas Nodl and loses puck.
10:36 of 2nd period - Wrist shot by Dave Bolland.
10:36 of 2nd period - Stopped by Rick DiPietro without a rebound.
10:37 of 2nd period - Mike Comrie wins face-off versus Jonathan Toews in Blue Jackets zone.
10:53 of 2nd period - Wrist shot by Mike Comrie.
10:53 of 2nd period - Goal by Mike Comrie - Bruins : 0 - Blue Jackets : 2.
10:54 of 2nd period - Mike Comrie wins face-off versus Jonathan Toews in neutral zone.
11:00 of 2nd period - Minor Penalty to Brendan Smith for Holding.
11:01 of 2nd period - Jonathan Toews wins face-off versus Mike Comrie in Bruins zone.
11:04 of 2nd period - Off-side.
11:05 of 2nd period - Mike Comrie wins face-off versus Jonathan Toews in neutral zone.
11:11 of 2nd period - Snap shot by Derek Boogaard.
11:11 of 2nd period - Deflect By Martin Havlat.
11:11 of 2nd period - Shot Blocked by Jason Demers.
11:11 of 2nd period - Puck is out of play.
11:12 of 2nd period - Jonathan Toews wins face-off versus Mike Comrie in Bruins zone.
11:23 of 2nd period - Slapshot by Mike Lundin.
11:23 of 2nd period - Goal by Mike Lundin - Bruins : 0 - Blue Jackets : 3.
11:24 of 2nd period - Mike Comrie wins face-off versus Wojtek Wolski in neutral zone.
11:51 of 2nd period - Peter Mueller is hit by Jason Demers and loses puck.
11:58 of 2nd period - Snap shot by Tyler Kennedy.
11:58 of 2nd period - Shot Misses the Net.
13:09 of 2nd period - Max Pacioretty is hit by Scott Hartnell and loses puck.
13:29 of 2nd period - Mike Ribeiro is hit by Mike Comrie and loses puck.
13:46 of 2nd period - Snap shot by Jonathan Toews.
13:46 of 2nd period - Goal by Jonathan Toews - Bruins : 1 - Blue Jackets : 3.
13:47 of 2nd period - Jonathan Toews wins face-off versus Mike Comrie in neutral zone.
13:50 of 2nd period - Mike Lundin is hit by Wojtek Wolski and loses puck.
14:38 of 2nd period - Mike Ribeiro is hit by Cody Eakin and loses puck.
15:24 of 2nd period - Minor Penalty to Adam Pelech for Roughing.
15:25 of 2nd period - Jonathan Toews wins face-off versus Mike Comrie in Bruins zone.
15:59 of 2nd period - Snap shot by Peter Mueller.
15:59 of 2nd period - Stopped by Kevin Poulin with a rebound.
16:01 of 2nd period - Slapshot by Branislav Mezei.
16:01 of 2nd period - Shot Misses the Net.
16:03 of 2nd period - Snap shot by Tyler Kennedy.
16:03 of 2nd period - Stopped by Kevin Poulin without a rebound.
16:04 of 2nd period - Dave Bolland wins face-off versus Mike Comrie in Bruins zone.
17:24 of 2nd period - Penalty to Adam Pelech is over, Adam Pelech is back on ice.
17:51 of 2nd period - Dalton Prout is hit by Casey Cizikas.
19:15 of 2nd period - Snap shot by Dave Bolland.
19:15 of 2nd period - Goal by Dave Bolland - Bruins : 2 - Blue Jackets : 3.
19:16 of 2nd period - Wojtek Wolski wins face-off versus Mike Comrie in neutral zone.
19:43 of 2nd period - Brendan Smith is hit by Tyler Kennedy and loses puck.
Goals for this period are 2 for Bruins vs 3 for Blue Jackets.
Shots for this period are 8 for Bruins vs 13 for Blue Jackets.

3rd period


0:01 of 3rd period - Mike Comrie wins face-off versus Jonathan Toews in neutral zone.
0:06 of 3rd period - Snap shot by Derek Boogaard.
0:06 of 3rd period - Deflect By Martin Havlat.
0:06 of 3rd period - Stopped by Kevin Poulin with a rebound.
0:08 of 3rd period - Slapshot by Martin Havlat.
0:08 of 3rd period - Shot Misses the Net.
0:10 of 3rd period - Slapshot by Branislav Mezei.
0:10 of 3rd period - Shot Misses the Net.
0:12 of 3rd period - Snap shot by Martin Havlat.
0:12 of 3rd period - Shot Misses the Net.
0:14 of 3rd period - Wrist shot by Martin Havlat.
0:14 of 3rd period - Stopped by Kevin Poulin without a rebound.
0:15 of 3rd period - Peter Mueller wins face-off versus Jonathan Toews in Bruins zone.
0:47 of 3rd period - Wrist shot by Martin Havlat.
0:47 of 3rd period - Stopped by Kevin Poulin without a rebound.
0:48 of 3rd period - Martin Havlat wins face-off versus Jonathan Toews in Bruins zone.
1:13 of 3rd period - Wojtek Wolski is hit by Mike Lundin and loses puck.
1:22 of 3rd period - Slapshot by Max Pacioretty.
1:22 of 3rd period - Stopped by Kevin Poulin with a rebound.
1:24 of 3rd period - Snap shot by Max Pacioretty.
1:24 of 3rd period - Shot Misses the Net.
1:26 of 3rd period - Snap shot by Andreas Nodl.
1:26 of 3rd period - Stopped by Kevin Poulin without a rebound.
1:27 of 3rd period - Mike Comrie wins face-off versus Mike Ribeiro in Bruins zone.
1:36 of 3rd period - Snap shot by Derek Boogaard.
1:36 of 3rd period - Shot Misses the Net.
2:18 of 3rd period - Minor Penalty to Branislav Mezei for Unsportsmanlike conduct.
2:19 of 3rd period - Jonathan Toews wins face-off versus Derek Boogaard in Blue Jackets zone.
2:19 of 3rd period - Slapshot by Zack Kassian.
2:19 of 3rd period - Stopped by Rick DiPietro with a rebound.
2:21 of 3rd period - Wrist shot by Wojtek Wolski.
2:21 of 3rd period - Goal by Wojtek Wolski - Bruins : 3 - Blue Jackets : 3.
2:22 of 3rd period - Mike Comrie wins face-off versus Jonathan Toews in neutral zone.
2:25 of 3rd period - Wojtek Wolski is hit by Mike Comrie and loses puck.
2:34 of 3rd period - Wrist shot by Derek Boogaard.
2:34 of 3rd period - Goal by Derek Boogaard - Bruins : 3 - Blue Jackets : 4.
2:35 of 3rd period - Jonathan Toews wins face-off versus Mike Comrie in neutral zone.
2:38 of 3rd period - Wrist shot by Jason Demers.
2:38 of 3rd period - Shot Blocked by Mike Comrie.
2:44 of 3rd period - Slapshot by Rob Scuderi.
2:44 of 3rd period - Stopped by Kevin Poulin with a rebound.
3:24 of 3rd period - Shane O'Brien is hit by Cody Eakin and loses puck.
3:31 of 3rd period - Slapshot by Max Pacioretty.
3:31 of 3rd period - Shot Misses the Net.
3:45 of 3rd period - Snap shot by Martin Havlat.
3:45 of 3rd period - Stopped by Kevin Poulin with a rebound.
5:20 of 3rd period - Kevin Bieksa is hit by Peter Mueller and loses puck.
5:33 of 3rd period - Mike Comrie is hit by Mike Ribeiro and loses puck.
7:01 of 3rd period - Snap shot by Casey Cizikas.
7:01 of 3rd period - Deflect By Scott Hartnell.
7:01 of 3rd period - Stopped by Rick DiPietro without a rebound.
7:02 of 3rd period - Peter Mueller wins face-off versus Mike Ribeiro in Blue Jackets zone.
8:05 of 3rd period - Snap shot by Peter Mueller.
8:05 of 3rd period - Shot Misses the Net.
8:07 of 3rd period - Snap shot by Tyler Kennedy.
8:07 of 3rd period - Stopped by Kevin Poulin with a rebound.
8:09 of 3rd period - Wrist shot by Tyler Kennedy.
8:09 of 3rd period - Shot Misses the Net.
8:24 of 3rd period - Minor Penalty to Kris Chucko for Tripping.
8:25 of 3rd period - Jonathan Toews wins face-off versus Mike Comrie in Bruins zone.
8:37 of 3rd period - Snap shot by Mike Comrie.
8:37 of 3rd period - Shot Misses the Net.
9:45 of 3rd period - Tyler Kennedy is hit by Brendan Smith and loses puck.
10:04 of 3rd period - Martin Havlat is hit by Dave Bolland and loses puck.
10:24 of 3rd period - Penalty to Kris Chucko is over, Kris Chucko is back on ice.
12:15 of 3rd period - Snap shot by T.J Galiardi.
12:15 of 3rd period - Deflect By Rene Bourque.
12:15 of 3rd period - Stopped by Rick DiPietro without a rebound.
12:16 of 3rd period - Peter Mueller wins face-off versus Mike Ribeiro in Blue Jackets zone.
13:58 of 3rd period - Minor Penalty to Mike Ribeiro for High sticking.
13:59 of 3rd period - Jonathan Toews wins face-off versus Mike Comrie in Bruins zone.
14:38 of 3rd period - Snap shot by Martin Havlat.
14:38 of 3rd period - Shot Blocked by Jason Demers.
14:40 of 3rd period - Wrist shot by Mike Comrie.
14:40 of 3rd period - Stopped by Kevin Poulin with a rebound.
14:42 of 3rd period - Snap shot by Mike Comrie.
14:42 of 3rd period - Shot Blocked by Jason Demers.
14:44 of 3rd period - Slapshot by Mike Lundin.
14:44 of 3rd period - Shot Blocked by Brendan Smith.
14:46 of 3rd period - Wrist shot by Derek Boogaard.
14:46 of 3rd period - Goal by Derek Boogaard - Bruins : 3 - Blue Jackets : 5.
14:47 of 3rd period - Peter Mueller wins face-off versus Zack Kassian in neutral zone.
14:49 of 3rd period - Off-side.
14:50 of 3rd period - Peter Mueller wins face-off versus Jonathan Toews in neutral zone.
15:02 of 3rd period - Wrist shot by Tyler Kennedy.
15:02 of 3rd period - Stopped by Kevin Poulin with a rebound.
15:24 of 3rd period - Snap shot by T.J Galiardi.
15:24 of 3rd period - Shot Misses the Net.
15:26 of 3rd period - Slapshot by Johnny Boychuk.
15:26 of 3rd period - Shot Misses the Net.
15:42 of 3rd period - Cody Eakin is hit by Brendan Smith and loses puck.
16:05 of 3rd period - Snap shot by Tyler Kennedy.
16:05 of 3rd period - Stopped by Kevin Poulin without a rebound.
16:06 of 3rd period - Derek Boogaard wins face-off versus Dave Bolland in Bruins zone.
16:13 of 3rd period - Backhand shot by Mike Comrie.
16:13 of 3rd period - Deflect By Martin Havlat.
16:13 of 3rd period - Stopped by Kevin Poulin without a rebound.
16:14 of 3rd period - Dave Bolland wins face-off versus Mike Comrie in Bruins zone.
16:18 of 3rd period - Off-side.
16:19 of 3rd period - Dave Bolland wins face-off versus Derek Boogaard in neutral zone.
16:28 of 3rd period - Wrist shot by Dave Bolland.
16:28 of 3rd period - Shot Blocked by Mike Lundin.
16:30 of 3rd period - Wrist shot by Dave Bolland.
16:30 of 3rd period - Deflect By T.J Galiardi.
16:30 of 3rd period - Stopped by Rick DiPietro without a rebound.
16:31 of 3rd period - Dave Bolland wins face-off versus Eric Wellwood in Blue Jackets zone.
16:34 of 3rd period - Slapshot by Dave Bolland.
16:34 of 3rd period - Deflect By Rene Bourque.
16:34 of 3rd period - Shot Misses the Net.
16:34 of 3rd period - Puck is out of play.
16:35 of 3rd period - Dave Bolland wins face-off versus Derek Boogaard in Blue Jackets zone.
17:00 of 3rd period - Snap shot by Dave Bolland.
17:00 of 3rd period - Shot Misses the Net.
17:14 of 3rd period - Wrist shot by Zack Kassian.
17:14 of 3rd period - Stopped by Rick DiPietro without a rebound.
17:15 of 3rd period - Mike Comrie wins face-off versus Mike Ribeiro in Blue Jackets zone.
17:17 of 3rd period - Minor Penalty to Derek Boogaard for Holding.
17:18 of 3rd period - Eric Wellwood wins face-off versus Wojtek Wolski in Blue Jackets zone.
17:27 of 3rd period - Icing by Brendan Smith.
17:28 of 3rd period - Jonathan Toews wins face-off versus Eric Wellwood in Bruins zone.
17:33 of 3rd period - Slapshot by Kevin Bieksa.
17:33 of 3rd period - Stopped by Rick DiPietro without a rebound.
17:34 of 3rd period - Eric Wellwood wins face-off versus Jonathan Toews in Blue Jackets zone.
17:43 of 3rd period - Kevin Bieksa is hit by Eric Wellwood and loses puck.
18:24 of 3rd period - Cam Fowler is hit by Wojtek Wolski and loses puck.
18:51 of 3rd period - Johnny Boychuk is hit by Mike Comrie and loses puck.
19:04 of 3rd period - Mike Lundin is hit by Brendan Smith and loses puck.
19:17 of 3rd period - Penalty to Derek Boogaard is over, Derek Boogaard is back on ice.
19:32 of 3rd period - Minor Penalty to Casey Cizikas for Hooking.
19:33 of 3rd period - Mike Comrie wins face-off versus Jonathan Toews in Bruins zone.
Goals for this period are 1 for Bruins vs 2 for Blue Jackets.
Shots for this period are 7 for Bruins vs 14 for Blue Jackets.